AoeStats
← Kalgur

Arabia

503854733Analyzed
1v1 RM · 1mo ago on Sep 2, 2026· 48m 29s· 2 players
Game mode
Random Map
Map size
Tiny (2 player)
Population
200
Speed
Normal
Resources
Standard
Victory
Conquest
Starting age
Dark Age
Ending age
Imperial Age
RankedLock teamsTeams togetherTeam positionsShared explorationLock speedFull tech treeHidden civsTurbo modeCheats
Victory
Defeat
🇩🇪 Turks · Germany
750
+23
🇷🇺 Tatars · Russia
787
-18
HonorabruSudoku
7:44 Loom
10:04 Feudal Age
11:40 Double-Bit Axe
11:43 Horse Collar
15:19 Forging
17:10 Scale Barding Armor
19:06 Wheelbarrow
22:40 Castle Age
21:21 Wheelbarrow
21:40 Bloodlines
21:21 Fletching
21:46 Gold Mining
24:11 Bodkin Arrow
24:32 Bow Saw
24:30 Heavy Plow
27:13 Crossbowman
30:43 Padded Archer Armor
33:02 Leather Archer Armor
36:54 Chain Barding Armor
36:38 Husbandry
40:16 Ballistics
44:14 Imperial Age
44:47 Heavy Cavalry Archer
47:44 Thumb Ring
Kalgur
11:01 Feudal Age
10:20 Loom
13:38 Town Watch
21:31 Castle Age
19:31 Gold Mining
19:32 Double-Bit Axe
21:14 Fletching
21:25 Padded Archer Armor
21:36 Crossbowman
22:25 Pikeman
23:55 Gold Shaft Mining
24:05 Bodkin Arrow
26:30 Ballistics
32:38 Leather Archer Armor
40:30 Imperial Age
39:56 Murder Holes
40:45 Heavy Cavalry Archer
44:25 Chemistry
45:07 Conscription
Connection lost

Rejoining the realm…

Still unreachable

The connection could not be restored.

Session expired

The server has moved on; the page needs a fresh start.